 Dungeon Sprint DCSS version 0.27-a0-1181-g5f64966fcc (webtiles) character file.

Game seed: 14324676427363313903

402161 rocky1 the Annihilator (level 21, -2/224 HPs)
             Began as a Grey Draconian Earth Elementalist on May 16, 2021.
             Was the Champion of Sif Muna.
             Succumbed to Tiamat's poison
             ... in the Dungeon (Sprint VII: "The Pits") on May 18, 2021.
             The game lasted 02:06:04 (18143 turns).

rocky1 the Annihilator (DrEE)                      Turns: 18143, Time: 02:06:04

Health: -2/224     AC: 25    Str: 11    XL:     21   Next: 98%
Magic:  20/49      EV: 26    Int: 28    God:    Sif Muna [******]
Gold:   278        SH: 33    Dex: 15    Spells: 9/69 levels left

rFire    + + +     SeeInvis +   F - +7 sceptre of Torment {pain, torment}
rCold    + + +     Faith    .   m - +5 tower shield
rNeg     + + +     Spirit   .   (armour unavailable)
rPois    +         Reflect  +   S - +2 hat {SInv}
rElec    +         Harm     .   r - +2 cloak of the Ward {rN+ Int+2}
rCorr    .         Rampage  .   s - +2 pair of gloves {Dex+3}
Will     +....     NoTele   +   p - +0 pair of boots "Hyonoiliqu" {rElec rC++ Int-3}
Stlth    +.........             H - amulet of Kafrin {Reflect rF+ rC+ SH+5}
HPRegen  0.47/turn              X - ring "Heopayto" {Wiz rN++ Str-2 Slay+4}
MPRegen  0.31/turn              J - ring "Vitwooch" {rPois rF++ rN+ Int+6 Stlth-}

@: lethally poisoned (-2 -> -29), channeling
A: AC +16, amphibious, unfitting armour, cold-blooded, talons 1
}: 3/3 runes: silver, golden, iron
a: Renounce Religion, Channel Magic, Forget Spell, Divine Exegesis


You were in the Dungeon.
You worshipped Sif Muna.
Sif Muna was exalted by your worship.
You visited 1 branch You collected 278 gold pieces.

Inventory:

Hand Weapons
 u - the +4 staff of Dispater
   (You took it off Dispater in the Dungeon)
 F - the +7 sceptre of Torment (weapon) {pain, torment}
   (You found it in the Dungeon)

   In the hands of one skilled in necromantic magic, it inflicts extra damage on
   living creatures.
Missiles
 b - 119 stones
Armour
 k - a +1 buckler of protection
 m - a +5 tower shield (worn)
 p - the +0 pair of boots "Hyonoiliqu" (worn) {rElec rC++ Int-3}
   (You acquired it in the Dungeon)

   It affects your intelligence (-3).
   It greatly protects you from cold.
   It insulates you from electricity.
 r - the +2 cloak of the Ward (worn) {rN+ Int+2}
   (You found it in the Dungeon)

   It affects your intelligence (+2).
   It protects you from negative energy.
 s - a +2 pair of gloves of dexterity (worn)
 S - a +2 hat of see invisible (worn)
Jewellery
 H - the amulet of Kafrin (around neck) {Reflect rF+ rC+ SH+5}
   (You found it in the Dungeon)

   [amulet of reflection]

   It reflects blocked missile attacks.
   It protects you from fire.
   It protects you from cold.
   It affects your SH (+5).
 J - the ring "Vitwooch" (right hand) {rPois rF++ rN+ Int+6 Stlth-}
   (You found it in the Dungeon)

   [ring of intelligence]

   It affects your intelligence (+6).
   It greatly protects you from fire.
   It protects you from poison.
   It protects you from negative energy.
   It makes you less stealthy.
 X - the ring "Heopayto" (left hand) {Wiz rN++ Str-2 Slay+4}
   (You found it in the Dungeon)

   [ring of wizardry]

   It improves your spell success rate.
   It affects your strength (-2).
   It affects your accuracy and damage with ranged weapons and melee attacks
   (+4).
   It greatly protects you from negative energy.
Wands
 t - a wand of digging (8)
 C - a wand of paralysis (7)
 E - a wand of polymorph (4)
Scrolls
 i - 7 scrolls of amnesia
 j - a scroll of summoning
 q - 10 scrolls of enchant weapon
 v - 3 scrolls of fear
 w - 8 scrolls of identify
 x - 2 scrolls of enchant armour
 W - a scroll of fog
Potions
 a - 2 potions of invisibility
 c - 16 potions of curing
 d - 3 potions of heal wounds
 e - 8 potions of haste
 f - 6 potions of magic
 g - 8 potions of berserk rage
 n - a potion of might
 o - 3 potions of mutation
 z - 4 potions of brilliance
 D - a potion of lignification
 L - a potion of resistance
Miscellaneous
 h - a phial of floods
 l - the horn of Geryon
 K - a piece from Xom's chessboard (15/15)
 U - a condenser vane


   Skills:
 O Level 27 Fighting
 - Level 14.2(16.0) Maces & Flails
 - Level 12.7(15.2) Staves
 + Level 26.0 Dodging
 - Level 1.7 Stealth
 + Level 25.4 Shields
 + Level 24.6 Spellcasting
 O Level 27 Conjurations
 + Level 23.5 Necromancy
 - Level 13.5 Transmutations
 O Level 27 Fire Magic
 + Level 12.6 Ice Magic
 O Level 27 Earth Magic
 + Level 18.6 Invocations
 + Level 23.9 Evocations


You had 9 spell levels left.
You knew the following spells:

 Your Spells              Type           Power      Damage    Failure   Level
a - Sandblast             Erth           100%       2d20      0%          1
b - Stone Arrow           Conj/Erth      100%       3d13      0%          3
c - Lee's Rapid Deconstr  Erth           55%        3d27*     0%          5
d - Petrify               Tmut/Erth      99%        N/A       0%          4
e - Iron Shot             Conj/Erth      55%        9d10      0%          6
f - Statue Form           Tmut/Erth      66%        N/A       1%          6
g - Fire Storm            Conj/Fire      55%        8d14      1%          9
h - Lehudib's Crystal Sp  Conj/Erth      55%        10d13     1%          8
i - Shatter               Erth           55%        3d42*     1%          9
j - Absolute Zero         Ice            40%        ∞         86%         9

Your spell library contained the following spells:

 Spells                   Type           Power      Damage    Failure   Level
 Animate Skeleton         Necr           100%       N/A       0%          1
 Beastly Appendage        Tmut           100%       N/A       0%          1
 Foxfire                  Conj/Fire      100%       2x1d9     0%          1
 Freeze                   Ice            100%       1d11      0%          1
 Magic Dart               Conj           100%       1d8       0%          1
 Pain                     Necr           100%       1d9       0%          1
 Shock                    Conj/Air       100%       1d9       0%          1
 Corpse Rot               Necr/Air       N/A        N/A       0%          2
 Passwall                 Tmut/Erth      82%        N/A       0%          2
 Searing Ray              Conj           100%       3d7       0%          2
 Static Discharge         Conj/Air       83%        N/A       0%          2
 Sublimation of Blood     Necr           52%        N/A       0%          2
 Wereblood                Tmut           84%        N/A       0%          2
 Conjure Flame            Conj/Fire      100%       6-21      0%          3
 Dazzling Flash           Conj/Hex       100%       N/A       0%          3
 Frozen Ramparts          Ice            100%       1d12      0%          3
 Ignite Poison            Fire/Tmut/Pois 84%        N/A       0%          3
 Inner Flame              Hex/Fire       83%        N/A       0%          3
 Ozocubu's Armour         Ice            81%        N/A       0%          3
 Vampiric Draining        Necr           52%        2d13      0%          3
 Animate Dead             Necr           52%        N/A       0%          4
 Dispel Undead            Necr           100%       3d31      0%          4
 Hailstorm                Conj/Ice       98%        3d19      0%          4
 Sticky Flame             Conj/Fire      100%       2d11      0%          4
 Agony                    Necr           100%       N/A       0%          5
 Bolt of Magma            Conj/Fire/Erth 55%        4d22      0%          5
 Borgnjor's Vile Clutch   Necr/Erth      54%        N/A       0%          5
 Excruciating Wounds      Necr           52%        N/A       0%          5
 Fireball                 Conj/Fire      55%        3d21      0%          5
 Irradiate                Conj/Tmut      49%        3d30      0%          5
 Iskenderun's Battlesphe  Conj           100%       2d15      0%          5
 Death Channel            Necr           52%        N/A       0%          6
 Starburst                Conj/Fire      55%        8x6d15    0%          6
 Orb of Destruction       Conj           55%        9d16      0%          7
 Apportation              Tloc           68%        N/A       1%          1
 Corona                   Hex            37%        N/A       1%          1
 Sting                    Tmut/Pois      100%       1d8       1%          1
 Summon Small Mammal      Summ           100%       N/A       1%          1
 Blink                    Tloc           N/A        N/A       1%          2
 Call Imp                 Summ           34%        N/A       1%          2
 Ensorcelled Hibernation  Hex/Ice        100%       N/A       1%          2
 Poisonous Vapours        Pois/Air       68%        N/A       1%          2
 Slow                     Hex            34%        N/A       1%          2
 Call Canine Familiar     Summ           34%        N/A       1%          3
 Confusing Touch          Hex            34%        N/A       1%          3
 Gell's Gravitas          Tloc           17%        N/A       1%          3
 Lesser Beckoning         Tloc           17%        N/A       1%          3
 Mephitic Cloud           Conj/Pois/Air  71%        N/A       1%          3
 Portal Projectile        Hex/Tloc       68%        N/A       1%          3
 Spider Form              Tmut/Pois      32%        N/A       1%          3
 Summon Guardian Golem    Hex/Summ       34%        N/A       1%          3
 Swiftness                Air            34%        N/A       1%          3
 Teleport Other           Tloc           34%        N/A       1%          3
 Tukima's Dance           Hex            34%        N/A       1%          3
 Fulminant Prism          Conj/Hex       41%        3d20      1%          4
 Ice Form                 Ice/Tmut       82%        N/A       1%          4
 Iskenderun's Mystic Bla  Conj/Tloc      83%        2d16      1%          4
 Leda's Liquefaction      Hex/Erth       41%        N/A       1%          4
 Summon Ice Beast         Ice/Summ       63%        N/A       1%          4
 Alistair's Intoxication  Tmut/Pois      42%        N/A       1%          5
 Hydra Form               Tmut           42%        N/A       1%          5
 Lightning Bolt           Conj/Air       41%        1d60      1%          5
 Metabolic Englaciation   Hex/Ice        31%        N/A       1%          5
 Yara's Violent Unravell  Hex/Tmut       32%        3d13      1%          5
 Blade Hands              Tmut           42%        N/A       1%          6
 Conjure Ball Lightning   Conj/Air       41%        3x3d13    1%          6
 Freezing Cloud           Conj/Ice/Air   41%        6-21      1%          6
 Simulacrum               Ice/Necr       47%        N/A       1%          6
 Dragon Form              Tmut           42%        N/A       1%          7
 Ozocubu's Refrigeration  Ice            40%        4d13      1%          7
 Spellforged Servitor     Conj/Summ      41%        N/A       1%          7
 Borgnjor's Revivificati  Necr           52%        N/A       1%          8
 Ignition                 Fire           55%        3d15      1%          8
 Infestation              Necr           52%        N/A       1%          8
 Necromutation            Tmut/Necr      47%        N/A       1%          8
 Haunt                    Necr/Summ      39%        N/A       2%          7
 Death's Door             Necr           52%        N/A       2%          9
 Airstrike                Air            17%        N/A       3%          4
 Cause Fear               Hex            17%        N/A       3%          4
 Olgreb's Toxic Radiance  Pois           34%        N/A       3%          4
 Passage of Golubria      Tloc           N/A        N/A       3%          4
 Summon Lightning Spire   Summ/Air       34%        N/A       3%          4
 Eringya's Noxious Bog    Tmut/Pois      32%        N/A       3%          6
 Chain Lightning          Conj/Air       41%        N/A       9%          8
 Manifold Assault         Tloc           34%        N/A       10%         5
 Silence                  Hex/Air        17%        N/A       10%         5
 Summon Forest            Summ/Tloc      17%        N/A       10%         5
 Summon Mana Viper        Hex/Summ       34%        N/A       10%         5
 Dispersal                Tloc           17%        N/A       45%         6
 Invisibility             Hex            34%        N/A       45%         6
 Shadow Creatures         Summ           N/A        N/A       45%         6
 Malign Gateway           Summ/Tloc      17%        N/A       95%         7
 Monstrous Menagerie      Summ           17%        N/A       95%         7
 Summon Hydra             Summ           17%        N/A       95%         7
 Discord                  Hex            17%        N/A       100%        8
 Disjunction              Tloc           17%        N/A       100%        8
 Summon Horrible Things   Summ           17%        N/A       100%        8
 Dragon's Call            Summ           17%        N/A       100%        9
 Tornado                  Air            17%        N/A       100%        9
 Animate Armour           Summ/Erth      Unusable   N/A       N/A         4

Dungeon Overview and Level Annotations

Branches:
Dungeon (1/1)

Altars:
Ashenzari
Cheibriados
Dithmenos
Elyvilon
Fedhas
Gozag
Hepliaklqana
Kikubaaqudgha
Makhleb
Nemelex Xobeh
Okawaru
Qazlal
Ru
Sif Muna
Trog
Uskayaw
Vehumet
Wu Jian
Xom
Yredelemnul
Zin
The Shining One
Beogh
Jiyva
Lugonu

Annotations:
D Tiamat


Innate Abilities, Weirdness & Mutations

Your dull iron-grey scales are very hard. (AC +16)
You are amphibious.
You cannot fit into any form of body armour.
You are cold-blooded and may be slowed by cold attacks.
You have sharp toenails.


Message History

You block Tiamat's attack.
Casting: Lehudib's Crystal Spear (mildly dangerous; 1% risk of failure)
Confirm with . or Enter, or press ? or * to list all spells.
Aiming: Fire Storm (mildly dangerous; 1% risk of failure)
Press: ? - help, Dir - move target, p - Tiamat A raging storm of fire appears!
The great blast of fire engulfs the green draconian!!!
The green draconian is almost dead.
The great blast of fire engulfs the yellow draconian!!!
You kill the yellow draconian!
Sif Muna accepts your kill.
The great blast of fire engulfs the yellow draconian!!!
You kill the yellow draconian!
Sif Muna accepts your kill.
The great blast of fire engulfs the green draconian!!!!
You kill the green draconian!
Sif Muna accepts your kill.
The great blast of fire engulfs Tiamat!!
Tiamat is heavily wounded.
Tiamat is engulfed in blazing flames.
You block Tiamat's attack.
The green draconian is engulfed in blazing flames.
You kill the green draconian!
Sif Muna accepts your kill.
Your Dodging skill increases to level 26!
Unknown command.
Tiamat is engulfed in blazing flames.
Tiamat misses you.
Unknown command.
Tiamat hits you from afar with a +0 glaive of venom!!!
You are poisoned.
You feel extremely sick.
Tiamat is engulfed in blazing flames.
Tiamat breathes poison at you. The blast of poison engulfs you. You resist.
* * * LOW HITPOINT WARNING * * *
You feel extremely sick. You block Tiamat's attack. Tiamat tail-slaps you!!!
* * * LOW HITPOINT WARNING * * *
You thump Tiamat!
Tiamat writhes in agony.
Tiamat is heavily wounded.
You die...

......#..###...............###)#.
......#..##.................##)##
......#..##..........v......###'.
##..###..##.....v..)........# #..
.........###..v..).........####).
.[.......# ###...)v.......## #.##
....[....# #.#).)##......# ###
##.÷###[.######'d################
......#[)##....☼@○...##.....#....
......#[[##)...○○☼...##.....#....
......#..)'[.#.☼☼○#..##..#''#''#'
......#.)[)..........##..'.......
###########..........##..'.......
###########..#....#..#####..#..#.
.........''..........##..'....[..
.........''.........)##[[).......
#######..##..#....#.[##[[#['#''#'


You could see Tiamat (strong, catching breath) and 4 friendly fire vortices.

Vanquished Creatures
  Asmodeus (D)
  Ereshkigal (D)
  Gloorx Vloq (D)
  the Serpent of Hell (D)
  6 ancient liches (D)
  Dispater (D)
  Mara (D)
  3 royal mummies (D)
  Margery (D)
  Frederick (D)
  3 curse toes (D)
  Nikola (D)
  Xtahua (D)
  Geryon (D)
  A golden dragon (D)
  2 bone dragons (D)
  Jory (D)
  A pearl dragon (D)
  3 electric golems (D)
  A profane servitor (D)
  A Brimstone Fiend (D)
  A hellephant (D)
  3 Tzitzimimeh (D)
  4 Ice Fiends (D)
  2 Hell Sentinels (D)
  2 liches (D)
  A deep elf blademaster (D)
  11 Orb Guardians (D)
  2 quicksilver dragons (D)
  17 titans (D)
  2 deep elf master archers (D)
  Murray (D)
  Frances (D)
  3 acid blobs (D)
  4 Executioners (D)
  3 pandemonium lords (D)
  A sphinx (D)
  2 shadow dragons (D)
  3 storm dragons (D)
  3 nagarajas (D)
  12 frost giants (D)
  15 fire giants (D)
  6 azure jellies (D)
  A draconian knight (D)
  2 ghost moths (D)
  2 iron dragons (D)
  3 cacodemons (D)
  A draconian scorcher (D)
  Louise (D)
  A balrug (D)
  A ghoul (D)
  3 orc warlords (D)
  A draconian shifter (D)
  3 deep elf sorcerers (D)
  A draconian stormcaller (D)
  A war gargoyle (D)
  2 angels (D)
  15 stone giants (D)
  A reaper (D)
  2 draconian annihilators (D)
  2 green draconians (D)
  2 ophanim (D)
  10 deep elf annihilators (D)
  An apis (D)
  3 black draconians (D)
  3 yellow draconians (D)
  3 red draconians (D)
  6 dire elephants (D)
  A deep elf demonologist (D)
  12 ettins (D)
  4 purple draconians (D)
  2 deep elf death magi (D)
  A merfolk javelineer (D)
  A mummy priest (D)
  5 green deaths (D)
  A merfolk impaler (D)
  2 deep elf high priests (D)
  3 vault guards (D)
  3 yaktaur captains (D)
  A fire dragon (D)
  4 naga warriors (D)
  2 hell beasts (D)
  8 hydras (D)
  4 ice dragons (D)
  A merfolk avatar (D)
  2 death knights (D)
  3 ogre magi (D)
  5 catoblepae (D)
  A dancing weapon (D)
  4 two-headed ogres (D)
  A death yak (D)
  2 vampire magi (D)
  An iron elemental (D)
  A deep troll shaman (D)
  A deep troll earth mage (D)
  2 soul eaters (D)
  3 deep elf knights (D)
  11 hell knights (D)
  3 iron trolls (D)
  A fire crab (D)
  2 sea snakes (D)
  6 swamp dragons (D)
  5 deep trolls (D)
  A flayed ghost (D)
  2 wizards (D)
  9 lindwurms (D)
  10 orc knights (D)
  3 necromancers (D)
  A deep elf zephyrmancer (D)
  An orc sorcerer (D)
  3 wolf spiders (D)
  14 cyclopes (D)
  A moth of wrath (D)
  Maurice (D)
  A water nymph (shapeshifter) (D)
  2 gargoyles (D)
  A black mamba (D)
  A smoke demon (D)
  A molten gargoyle (D)
  2 eyes of devastation (D)
  2 cane toads (D)
  A kobold demonologist (D)
  2 unseen horrors (D)
  3 demonic crawlers (D)
  6 komodo dragons (D)
  An efreet (D)
  5 rime drakes (D)
  A tormentor (D)
  9 yaktaurs (D)
  An ice devil (D)
  A guardian mummy (D)
  3 wandering mushrooms (D)
  5 merfolk (D)
  A tyrant leech (D)
  4 hornets (D)
  A jumping spider (shapeshifter) (D)
  A polar bear (D)
  2 jumping spiders (D)
  A raiju (shapeshifter) (D)
  Prince Ribbit (D)
  3 blink frogs (D)
  An air elemental (D)
  A flying skull (D)
  A shadow (D)
  7 redbacks (D)
  5 spriggans (D)
  3 vampires (D)
  A tarantella (D)
  A wyvern (D)
  A fire elemental (D)
  4 steam dragons (D)
  6 basilisks (D)
  2 vampire mosquitoes (D)
  2 chaos spawn (D)
  A warg (D)
  3 acid dragons (D)
  2 floating eyes (D)
  5 hell hounds (D)
  6 swamp drakes (D)
  7 orc warriors (D)
  An ogre (D)
  A wolf (D)
  A centaur (D)
  A phantom (D)
  4 kobold brigands (D)
  A bullfrog (D)
  A gnoll sergeant (D)
  2 earth elementals (D)
  An orc priest (D)
  2 iron imps (D)
  A jelly (D)
  2 orc wizards (D)
  6 gnolls (D)
  An adder (D)
  A river rat (D)
  2 adder zombies (D)
  2 adder skeletons (D)
  An adder simulacrum (D)
  7 orcs (D)
  3 endoplasms (D)
  A giant cockroach (D)
  2 hobgoblins (D)
  A quokka (D)
  A ball python simulacrum (D)
  A ball python skeleton (D)
  A ball python zombie (D)
  A bat simulacrum (D)
  A frilled lizard (D)
  A giant cockroach zombie (D)
  A goblin (D)
  A jackal zombie (D)
  6 kobolds (D)
  2 quokka simulacra (D)
  A quokka skeleton (D)
  A rat (D)
  A block of ice (D)
543 creatures vanquished.

Vanquished Creatures (collateral kills)
  A nagaraja (D)
  A frost giant (D)
  A black draconian (D)
  A deep elf death mage (D)
  An iron troll (D)
  A death drake (D)
  An air elemental (D)
  An ogre (D)
  3 orcs (D)
11 creatures vanquished.

Vanquished Creatures (others)
  A gnoll (D)
  A ball python (D)
  A block of ice (D)
  97 fire vortices (D)
100 creatures vanquished.

Grand Total: 654 creatures vanquished

Notes
Turn   | Place    | Note
-------+----------+-------------------------------------------
     0 | D        | rocky1 the Draconian Earth Elementalist began the quest for
                  | the Orb.
     0 | D        | Reached XP level 1. HP: 14/14 MP: 3/3
    33 | D        | Found a bloodstained altar of Trog.
    33 | D        | Found a shimmering blue altar of Sif Muna.
    33 | D        | Found a viscous altar of Jiyva.
    33 | D        | Found a hazy altar of Hepliaklqana.
    33 | D        | Found an opulent altar of Gozag.
    34 | D        | Found a glowing golden altar of the Shining One.
    34 | D        | Found a glowing silver altar of Zin.
    34 | D        | Found a basalt altar of Yredelemnul.
    34 | D        | Found a shimmering altar of Xom.
    34 | D        | Found an ornate altar of the Wu Jian Council.
    34 | D        | Found a sacrificial altar of Ru.
    34 | D        | Found a stormy altar of Qazlal.
    34 | D        | Found an iron altar of Okawaru.
    34 | D        | Found a sparkling altar of Nemelex Xobeh.
    34 | D        | Found a burning altar of Makhleb.
    34 | D        | Found a blossoming altar of Fedhas.
    34 | D        | Found a white marble altar of Elyvilon.
    34 | D        | Found a shadowy altar of Dithmenos.
    34 | D        | Found a snail-covered altar of Cheibriados.
    36 | D        | Found a radiant altar of Vehumet.
    36 | D        | Found a corrupted altar of Lugonu.
    37 | D        | Found a hide-covered altar of Uskayaw.
    37 | D        | Found an ancient bone altar of Kikubaaqudgha.
    37 | D        | Found a broken altar of Ashenzari.
    39 | D        | Became a worshipper of Sif Muna the Loreminder
    80 | D        | Reached skill level 5 in Earth Magic
    80 | D        | Reached XP level 2. HP: 20/20 MP: 1/5
   128 | D        | Reached * piety under Sif Muna
   129 | D        | Reached XP level 3. HP: 26/26 MP: 3/6
   267 | D        | Reached ** piety under Sif Muna
   316 | D        | Learned a level 3 spell: Stone Arrow
   334 | D        | Noticed a bullfrog
   335 | D        | Reached *** piety under Sif Muna
   339 | D        | Killed a bullfrog
   340 | D        | Reached XP level 4. HP: 11/33 MP: 2/7
   542 | D        | Noticed a kobold brigand
   543 | D        | Noticed a flying skull
   547 | D        | Killed a kobold brigand
   548 | D        | Reached XP level 5. HP: 38/38 MP: 4/8
   550 | D        | Killed a flying skull
   550 | D        | Reached **** piety under Sif Muna
   551 | D        | Reached XP level 6. HP: 36/45 MP: 2/9
   621 | D        | Learned a level 5 spell: Lee's Rapid Deconstruction
   732 | D        | Reached skill level 1 in Fighting
   732 | D        | Reached skill level 1 in Staves
   732 | D        | Reached skill level 1 in Conjurations
   732 | D        | Reached skill level 1 in Invocations
   882 | D        | Noticed a lindwurm
   884 | D        | Killed a lindwurm
   885 | D        | Your scales start taking on a dull iron-grey colour.
   885 | D        | Reached XP level 7. HP: 58/58 MP: 3/12
   954 | D        | Noticed Prince Ribbit
   955 | D        | Reached ***** piety under Sif Muna
   956 | D        | Killed Prince Ribbit
   956 | D        | Received a gift from Sif Muna
   957 | D        | Reached XP level 8. HP: 66/66 MP: 2/14
  1041 | D        | Noticed a molten gargoyle
  1041 | D        | Noticed a gargoyle
  1043 | D        | Killed a gargoyle
  1052 | D        | Killed a molten gargoyle
  1053 | D        | Reached skill level 5 in Fighting
  1053 | D        | Reached skill level 5 in Spellcasting
  1053 | D        | Reached skill level 5 in Conjurations
  1053 | D        | Reached skill level 5 in Transmutations
  1053 | D        | Reached skill level 5 in Invocations
  1098 | D        | Got the +2 war axe "Otuagen" {vorpal, rN+ SInv}
  1207 | D        | Learned a level 4 spell: Petrify
  1223 | D        | Noticed a jumping spider
  1223 | D        | Noticed an efreet
  1225 | D        | Reached skill level 5 in Staves
  1225 | D        | Killed an efreet
  1226 | D        | Reached skill level 5 in Dodging
  1226 | D        | Reached XP level 9. HP: 75/75 MP: 5/17
  1230 | D        | Killed a jumping spider
  1231 | D        | Noticed a cane toad
  1353 | D        | Killed a cane toad
  1356 | D        | Noticed an orc knight
  1363 | D        | Identified Lee's Grimoire of Conjuration and Clay (Sif Muna
                  | gifted it to you in the Dungeon)
  1363 | D        | Received a gift from Sif Muna
  1366 | D        | Killed an orc knight
  1386 | D        | Noticed a polar bear
  1388 | D        | Killed a polar bear
  1465 | D        | Noticed a komodo dragon
  1468 | D        | Killed a komodo dragon
  1588 | D        | Noticed a sea snake
  1594 | D        | Reached XP level 10. HP: 86/86 MP: 9/20
  1604 | D        | Killed a sea snake
  1604 | D        | Identified Sif Muna's Volume of the Rocks and the Entourage
                  | (Sif Muna gifted it to you in the Dungeon)
  1604 | D        | Received a gift from Sif Muna
  1613 | D        | Learned a level 6 spell: Iron Shot
  1700 | D        | Noticed Maurice
  1704 | D        | Killed Maurice
  1828 | D        | Noticed a deep troll
  1828 | D        | Noticed a lindwurm
  1834 | D        | Killed a deep troll
  1836 | D        | Killed a lindwurm
  2065 | D        | Received a gift from Sif Muna
  2065 | D        | Reached ****** piety under Sif Muna
  2272 | D        | Noticed a two-headed ogre
  2273 | D        | Noticed a two-headed ogre
  2274 | D        | Killed a two-headed ogre
  2274 | D        | Killed a two-headed ogre
  2275 | D        | Reached XP level 11. HP: 97/97 MP: 6/23
  2275 | D        | Noticed a two-headed ogre
  2275 | D        | Noticed a two-headed ogre
  2276 | D        | Identified Sif Muna's Almanac of the Harmful Escort (Sif
                  | Muna gifted it to you in the Dungeon)
  2276 | D        | Received a gift from Sif Muna
  2276 | D        | Noticed an ogre mage
  2283 | D        | Killed a two-headed ogre
  2283 | D        | Killed a two-headed ogre
  2284 | D        | Killed an ogre mage
  2285 | D        | Reached skill level 10 in Fighting
  2412 | D        | Identified Sif Muna's Catalogue of Mutagenic Malediction
                  | (Sif Muna gifted it to you in the Dungeon)
  2412 | D        | Received a gift from Sif Muna
  2420 | D        | Reached skill level 10 in Invocations
  2521 | D        | Identified Sif Muna's Guide on Lethal Confrontation (Sif
                  | Muna gifted it to you in the Dungeon)
  2521 | D        | Received a gift from Sif Muna
  2523 | D        | Noticed an orc sorcerer
  2527 | D        | Killed an orc sorcerer
  2779 | D        | Learned a level 6 spell: Statue Form
  2843 | D        | Noticed a flayed ghost
  2846 | D        | Noticed a wizard
  2847 | D        | Killed a flayed ghost
  2847 | D        | Identified Rutwen's Tome of Sinister Rites and Poison (Sif
                  | Muna gifted it to you in the Dungeon)
  2847 | D        | Received a gift from Sif Muna
  2847 | D        | Killed a wizard
  2848 | D        | Reached skill level 10 in Staves
  2848 | D        | Reached skill level 10 in Conjurations
  2848 | D        | Reached skill level 10 in Transmutations
  2947 | D        | Reached XP level 12. HP: 108/108 MP: 8/25
  2950 | D        | Received a gift from Sif Muna
  3001 | D        | Noticed a yellow draconian
  3006 | D        | Noticed a lich
  3007 | D        | Killed a yellow draconian
  3008 | D        | Killed a lich
  3008 | D        | Identified Sif Muna's Compendium of the Dusty Volcanoes
                  | (Sif Muna gifted it to you in the Dungeon)
  3008 | D        | Received a gift from Sif Muna
  3009 | D        | Reached skill level 10 in Dodging
  3009 | D        | Reached skill level 10 in Spellcasting
  3010 | D        | Noticed a deep elf annihilator
  3012 | D        | Noticed an ancient lich
  3013 | D        | Killed a deep elf annihilator
  3014 | D        | Killed a deep elf annihilator
  3014 | D        | Noticed a nagaraja
  3015 | D        | Killed a deep elf high priest
  3015 | D        | Killed a nagaraja
  3017 | D        | Killed an ogre mage
  3019 | D        | Killed an ancient lich
  3019 | D        | Noticed a purple draconian knight
  3020 | D        | Reached XP level 13. HP: 83/119 MP: 8/28
  3021 | D        | Killed an acid blob
  3021 | D        | Killed a deep elf death mage
  3023 | D        | Killed a deep elf death mage
  3023 | D        | Identified Sif Muna's Tome of Feathery Dark Rituals (Sif
                  | Muna gifted it to you in the Dungeon)
  3023 | D        | Received a gift from Sif Muna
  3023 | D        | Killed a deep elf annihilator
  3026 | D        | Noticed a purple draconian
  3031 | D        | Noticed a deep elf annihilator
  3037 | D        | Killed a purple draconian knight
  3041 | D        | Killed a purple draconian
  3045 | D        | Killed a deep elf annihilator
  3151 | D        | Identified Sif Muna's Guide on Shifting Hexes (Sif Muna
                  | gifted it to you in the Dungeon)
  3151 | D        | Received a gift from Sif Muna
  3462 | D        | Noticed a deep elf sorcerer
  3464 | D        | Killed a deep elf sorcerer
  3473 | D        | Killed a sphinx
  3479 | D        | Killed a balrug
  3479 | D        | Identified Sif Muna's Incunabulum of Gliding Moulding (Sif
                  | Muna gifted it to you in the Dungeon)
  3479 | D        | Received a gift from Sif Muna
  3479 | D        | Killed a deep elf annihilator
  3480 | D        | Reached XP level 14. HP: 115/133 MP: 6/30
  3573 | D        | Noticed a storm dragon
  3578 | D        | Killed a storm dragon
  3859 | D        | Got Ridoygy's Tome of Poisonous Stones
  3866 | D        | Got the Collected Works on the Escort and the Birds
  3870 | D        | Got Plog's Compendium of Flying Fire
  3872 | D        | Got the Tome of Transformation and Attacks
  3877 | D        | Got the Papyrus of Confrontation
  3896 | D        | Got Qawisaum's Almanac of Conjuration and the Entourage
  3903 | D        | Got the Collected Works on Orientation
  3972 | D        | Got the ring "Fegg" {rPois EV+4 Str-2 Dex+9}
  3974 | D        | Got the amulet "Mebear" {Spirit rElec}
  3976 | D        | Got the amulet of Kafrin {Reflect rF+ rC+ SH+5}
  3978 | D        | Got the amulet of Zyumumef {Faith rF+ rC- rCorr Str+9}
  3980 | D        | Got the amulet of Banim {Faith Dex+4}
  3984 | D        | Got the amulet "Veukhinn" {Faith Harm Regen+ Str+2 Int-5}
  3986 | D        | Got the amulet of Xom's Malicious Joy {Faith Harm}
  3988 | D        | Got the ring "Beocsuv" {rC+ Str+3}
  3990 | D        | Got the ring "Afiurin" {rElec rPois rC+ Int+3}
  3992 | D        | Got the ring of Nahuhets {rN+ Str+2 Stlth+}
  3994 | D        | Got the amulet "Fotanu Feuli" {Spirit rElec rC- Dex+5}
  3996 | D        | Got the ring of Tamuucry {rPois Dex+5 Slay+5}
  3998 | D        | Got the amulet "Fogean" {Reflect rPois rF+ Will- SH+5}
  4014 | D        | Got the ring "Omairois" {*Corrode rC+ Will+ Int+3 Dex+3}
  4018 | D        | Got the ring of Bism {rElec SInv}
  4020 | D        | Got the ring "Wusmolaq" {Fire Drain rPois rN++}
  4022 | D        | Got the ring "Sereb" {+Blink rElec rPois}
  4024 | D        | Got the ring "Heopayto" {Wiz rN++ Str-2 Slay+4}
  4026 | D        | Got the ring "Azerob" {Ice +Blink Str+3}
  4028 | D        | Got the ring "Fipraf" {Ice Will++ rCorr Int+4 Dex-3}
  4045 | D        | Got the ring "Zuusuuty" {rC+ Int+2 Stlth+}
  4047 | D        | Got the ring of the Scarab {rC+ AC+6}
  4049 | D        | Got the ring "Vitwooch" {rPois rF++ rN+ Int+6 Stlth-}
  4051 | D        | Got the ring of Kefunyc {*Corrode rElec rPois Int+6 Dex-3}
  4140 | D        | Learned a level 9 spell: Fire Storm
  4171 | D        | Reached skill level 1 in Fire Magic
  4174 | D        | Identified Hyox's Almanac of Venomous Cold (Sif Muna gifted
                  | it to you in the Dungeon)
  4174 | D        | Received a gift from Sif Muna
  4243 | D        | Noticed an orc warlord
  4247 | D        | Killed an orc warlord
  4427 | D        | Identified Sif Muna's Grimoire of Shifting Curses (Sif Muna
                  | gifted it to you in the Dungeon)
  4427 | D        | Received a gift from Sif Muna
  4461 | D        | Reached skill level 5 in Fire Magic
  4476 | D        | Noticed an orc warlord
  4480 | D        | Killed an orc warlord
  4646 | D        | Reached skill level 1 in Shields
  4656 | D        | Identified Sif Muna's Compendium of Fetching Unholy Rituals
                  | (Sif Muna gifted it to you in the Dungeon)
  4656 | D        | Received a gift from Sif Muna
  5069 | D        | Noticed a deep elf sorcerer
  5071 | D        | Killed a deep elf sorcerer
  5071 | D        | Received a gift from Sif Muna
  5086 | D        | Reached skill level 15 in Conjurations
  5101 | D        | Found the +7 sceptre of Torment {pain, torment}
  5121 | D        | Found the +3 giant club "Skullcrusher" {speed, Str+7}
  5222 | D        | Killed a ghost moth
  5223 | D        | Reached skill level 1 in Maces & Flails
  5223 | D        | Reached skill level 1 in Necromancy
  5225 | D        | Identified Sif Muna's Catalogue of Dark Magic (Sif Muna
                  | gifted it to you in the Dungeon)
  5225 | D        | Received a gift from Sif Muna
  5333 | D        | Reached skill level 5 in Shields
  5333 | D        | Identified Sif Muna's Further Progress in Magic (Sif Muna
                  | gifted it to you in the Dungeon)
  5333 | D        | Received a gift from Sif Muna
  5335 | D        | Noticed a stone giant
  5340 | D        | Killed a stone giant
  5351 | D        | Identified Sif Muna's Tome of Frigorific Feathers (Sif Muna
                  | gifted it to you in the Dungeon)
  5351 | D        | Received a gift from Sif Muna
  5354 | D        | Identified the ring of Miracles {rC++ Will+ rCorr EV+4
                  | Dex-5} (You took it off a spriggan rider in the Dungeon)
  5355 | D        | Reached XP level 15. HP: 67/139 MP: 15/33
  5366 | D        | Identified Sif Muna's Catalogue of Calling and Venom (Sif
                  | Muna gifted it to you in the Dungeon)
  5366 | D        | Received a gift from Sif Muna
  5880 | D        | Noticed Frances
  5889 | D        | Reached skill level 5 in Necromancy
  5892 | D        | Killed Frances
  5893 | D        | Reached skill level 5 in Maces & Flails
  6003 | D        | Noticed an Executioner
  6006 | D        | Noticed an azure jelly
  6013 | D        | Killed an Executioner
  6013 | D        | Received a gift from Sif Muna
  6020 | D        | Killed an azure jelly
  6398 | D        | Reached skill level 15 in Fighting
  6400 | D        | Reached skill level 15 in Spellcasting
  6401 | D        | Received a gift from Sif Muna
  6406 | D        | Reached skill level 15 in Dodging
  6570 | D        | Reached skill level 10 in Fire Magic
  6593 | D        | Noticed a deep elf sorcerer
  6595 | D        | Killed a deep elf sorcerer
  6758 | D        | Identified Sif Muna's Incunabulum of Stolen Souls and the
                  | Rocks (Sif Muna gifted it to you in the Dungeon)
  6758 | D        | Received a gift from Sif Muna
  6785 | D        | Received a gift from Sif Muna
  6808 | D        | Killed a ghost moth
  6850 | D        | Noticed a curse toe
  6874 | D        | Killed a curse toe
  7187 | D        | Noticed the Serpent of Hell
  7209 | D        | Identified Ganemuen's Volume of the Traveller (Sif Muna
                  | gifted it to you in the Dungeon)
  7209 | D        | Received a gift from Sif Muna
  7215 | D        | Noticed a storm dragon
  7216 | D        | Killed the Serpent of Hell
  7217 | D        | Reached skill level 10 in Shields
  7217 | D        | Reached XP level 16. HP: 93/152 MP: 33/36
  7226 | D        | Noticed a deep elf master archer
  7248 | D        | Killed a deep elf master archer
  7298 | D        | Noticed Frederick
  7307 | D        | Killed Frederick
  7308 | D        | Reached skill level 10 in Maces & Flails
  7308 | D        | Reached skill level 10 in Necromancy
  7484 | D        | Found the +8 frozen axe "Frostbite" {freezing cloud, *Noise
                  | Fly rC+}
  7586 | D        | Noticed a golden dragon
  7587 | D        | Received a gift from Sif Muna
  7587 | D        | Identified Plog's Collected Works on Ghastly Moulding (Sif
                  | Muna gifted it to you in the Dungeon)
  7587 | D        | Received a gift from Sif Muna
  7592 | D        | Identified Xahuisye's Grimoire of Congealing Black Rites
                  | (Sif Muna gifted it to you in the Dungeon)
  7592 | D        | Received a gift from Sif Muna
  7658 | D        | Killed a golden dragon
  7914 | D        | Identified Sif Muna's Almanac of Bewitching Stones (Sif
                  | Muna gifted it to you in the Dungeon)
  7914 | D        | Received a gift from Sif Muna
  8061 | D        | Reached skill level 15 in Fire Magic
  8061 | D        | Upgraded the game from 0.27-a0-1158-gaa87e14f67 to
                  | 0.27-a0-1177-g245c70e1c0
  8061 | D        | Upgraded the game from 0.27-a0-1177-g245c70e1c0 to
                  | 0.27-a0-1181-g5f64966fcc
  8121 | D        | Identified Atwyxug's Catalogue of Black Magic (Sif Muna
                  | gifted it to you in the Dungeon)
  8121 | D        | Received a gift from Sif Muna
  8461 | D        | Received a gift from Sif Muna
  8629 | D        | Received a gift from Sif Muna
  8646 | D        | Got Sif Muna's Collected Works on the Blaze and Calling
  8676 | D        | Got the Papyrus of the Volcanoes and Evil
  8685 | D        | Got the ring "Untoycie" {rPois AC+4 Dex+2}
  8687 | D        | Got a silver rune of Zot
  8691 | D        | Got the ring of Rududy {rElec Int+6}
  8996 | D        | Noticed an Ice Fiend
  9010 | D        | Killed an Ice Fiend
  9382 | D        | Noticed a titan
  9385 | D        | Killed a titan
  9388 | D        | Noticed an Ice Fiend
  9396 | D        | Killed an Ice Fiend
  9555 | D        | Noticed Gloorx Vloq
  9556 | D        | Noticed an Executioner
  9558 | D        | Noticed an Executioner
  9561 | D        | Noticed an Executioner
  9565 | D        | Noticed an Executioner
  9567 | D        | Killed Gloorx Vloq
  9568 | D        | Reached XP level 17. HP: 30/160 MP: 4/37
 10030 | D        | Noticed Voeriec the pandemonium lord
 10030 | D        | Noticed a curse toe
 10032 | D        | Received a gift from Sif Muna
 10058 | D        | Killed a curse toe
 10096 | D        | Killed Voeriec the pandemonium lord
 10487 | D        | Noticed a royal mummy
 10496 | D        | Killed a royal mummy
 10765 | D        | Gained mutation: Your spells are a little easier to cast,
                  | but a little less powerful. [a cacodemon]
 10879 | D        | Noticed an ancient lich
 10883 | D        | Killed an ancient lich
 10883 | D        | Identified Sif Muna's Papyrus of Dislocation (Sif Muna
                  | gifted it to you in the Dungeon)
 10883 | D        | Received a gift from Sif Muna
 10893 | D        | Learned a level 8 spell: Lehudib's Crystal Spear
 11395 | D        | Noticed Ylipoir the pandemonium lord
 11400 | D        | Killed Ylipoir the pandemonium lord
 11627 | D        | Noticed Geryon
 11646 | D        | Killed Geryon
 11914 | D        | Noticed a titan
 11914 | D        | Noticed a titan
 11914 | D        | Noticed a titan
 11914 | D        | Noticed a titan
 11915 | D        | Identified the +10 great mace of the Known World {drain,
                  | Str+5}
 11916 | D        | Reached skill level 1 in Evocations
 11916 | D        | Identified Bupnokka's Incunabulum of Shifting Creation (Sif
                  | Muna gifted it to you in the Dungeon)
 11916 | D        | Received a gift from Sif Muna
 11916 | D        | Killed a titan
 11916 | D        | Killed a titan
 11918 | D        | Killed a titan
 11918 | D        | Identified Sif Muna's Volume of the Escort (Sif Muna gifted
                  | it to you in the Dungeon)
 11918 | D        | Received a gift from Sif Muna
 11918 | D        | Killed a titan
 11919 | D        | Reached XP level 18. HP: 95/173 MP: 11/38
 11956 | D        | Reached skill level 10 in Evocations
 11959 | D        | Reached skill level 27 in Conjurations
 11983 | D        | Reached skill level 15 in Shields
 12157 | D        | Identified the +9 battleaxe "Umem" {flame, rElec rPois
                  | Will+}
 12305 | D        | Identified the +4 halberd "Vais" {vorpal, Str+3}
 12837 | D        | Reached XP level 19. HP: 103/189 MP: 19/40
 13272 | D        | Found the +3 salamander hide armour {Flames rF++ rC--}
 13283 | D        | Got a golden rune of Zot
 13336 | D        | Lost mutation: Your spells are a little easier to cast, but
                  | a little less powerful. [potion of mutation]
 13336 | D        | Gained mutation: You have sharp toenails. [potion of
                  | mutation]
 13424 | D        | Acquired the +0 pair of boots "Hyonoiliqu" {rElec rC++
                  | Int-3}
 13455 | D        | Noticed a Tzitzimitl
 13463 | D        | Killed a Tzitzimitl
 13516 | D        | Reached skill level 15 in Evocations
 13681 | D        | Noticed Jory
 13684 | D        | Killed Jory
 13692 | D        | Noticed a profane servitor
 13696 | D        | Killed a profane servitor
 13697 | D        | Reached skill level 15 in Necromancy
 13969 | D        | Reached skill level 27 in Fire Magic
 14333 | D        | Got the ring of New Discoveries {Str+6 Dex+3}
 14335 | D        | Got the amulet of Ciadiw {Acrobat Int+5}
 14337 | D        | Got the ring "Bymulas" {rF+ rC+ rN+ Will- rCorr}
 14339 | D        | Got the ring "Qeifod" {rElec rC+ AC+4 Dex-3}
 14341 | D        | Got the ring of Miracles {*Slow rF+ Str+7}
 14343 | D        | Got the ring of the Falcon {rN+ rCorr}
 14345 | D        | Got the ring of Temptation {AC+4 Str+2 Dex+4}
 14347 | D        | Got the ring of Uqoev {rCorr Slay+3}
 14418 | D        | Got the +2 cloak of the Ward {rN+ Int+2}
 14576 | D        | Noticed a Tzitzimitl
 14579 | D        | Killed a Tzitzimitl
 14580 | D        | Reached skill level 27 in Earth Magic
 14698 | D        | Noticed Murray
 14705 | D        | Killed Murray
 14918 | D        | Noticed a bone dragon
 14933 | D        | Killed a bone dragon
 14934 | D        | Reached XP level 20. HP: 191/206 MP: 42/44
 14949 | D        | Noticed Nikola
 14958 | D        | Killed Nikola
 14965 | D        | Noticed a curse toe
 14976 | D        | Noticed a royal mummy
 14978 | D        | Killed a curse toe
 14978 | D        | Noticed Ereshkigal
 15097 | D        | Paralysed by Ereshkigal for 4 turns
 15101 | D        | HP: 6/206 [Tzitzimitl[Ereshkigal] (11)]
 15101 | D        | HP: 1/206 [Ereshkigal (5)]
 15131 | D        | Killed Ereshkigal
 15588 | D        | Noticed Margery
 15592 | D        | Killed Margery
 15611 | D        | Killed a royal mummy
 15971 | D        | Learned a level 9 spell: Shatter
 15971 | D        | Noticed an ancient lich
 15971 | D        | Noticed an ancient lich
 15971 | D        | Noticed Xtahua
 15971 | D        | Noticed a pearl dragon
 15974 | D        | Killed an ancient lich
 15975 | D        | Killed an ancient lich
 15977 | D        | Noticed a royal mummy
 15992 | D        | Killed Xtahua
 15999 | D        | Killed a royal mummy
 16015 | D        | Killed a pearl dragon
 16041 | D        | Noticed Loecsithu the pandemonium lord
 16048 | D        | Killed Loecsithu the pandemonium lord
 16485 | D        | Found the +4 staff of Dispater
 16485 | D        | Noticed Dispater
 16488 | D        | Noticed an ancient lich
 16491 | D        | Killed an ancient lich
 16492 | D        | Reached XP level 21. HP: 210/222 MP: 4/47
 16497 | D        | Killed Dispater
 16709 | D        | Got the ring "Vuhor" {Int+6 Dex+5 Stlth+}
 16711 | D        | Got the ring "Yraid" {rElec rF+ rN+ Will- rCorr}
 16713 | D        | Got the amulet of Jyhipt {Faith Fly rPois SInv}
 16715 | D        | Got an iron rune of Zot
 16718 | D        | Got the ring "Noosuquck" {rC+ rN+ Will+}
 16742 | D        | Got the ring of Midwinter {*Slow rC+++ Str+6 SInv}
 16778 | D        | Got the ring "Cakhag" {*Corrode rN++ AC+4 Str+2}
 16780 | D        | Got the ring "Trusted Companion" {rElec rF+ rN+ Will-
                  | Dex+3}
 16782 | D        | Got the ring of Asceticism {Wiz Contam Int+4 Slay+2}
 17030 | D        | Learned a level 9 spell: Absolute Zero
 17154 | D        | Reached skill level 27 in Fighting
 17154 | D        | Reached skill level 1 in Ice Magic
 17207 | D        | Reached skill level 5 in Ice Magic
 17208 | D        | Reached skill level 15 in Invocations
 17217 | D        | Noticed an ancient lich
 17221 | D        | Noticed Mara
 17222 | D        | Noticed Louise
 17225 | D        | Killed an ancient lich
 17227 | D        | Killed Louise
 17244 | D        | Killed Mara
 17245 | D        | Reached skill level 10 in Ice Magic
 17580 | D        | Found the +7 sceptre of Asmodeus
 17580 | D        | Noticed Asmodeus
 17581 | D        | Found the +4 dragonskin cloak
 17581 | D        | Noticed Tiamat
 17629 | D        | HP: 14/291 [Asmodeus] (3)]
 17630 | D        | Killed Asmodeus
 17630 | D        | HP: 3/291 [something (8)]
 18142 | D        | HP: 2/224 [Tiamat/+0 glaive of venom (48)]
 18143 | D        | Succumbed to Tiamat's poison

Illustrated notes

Levels and vault maps discovered:
D:        pitsprint [storerooms_1, entrance_room_1, metal_vault_5, armoury_1,
          mini_pit_1, grid_room_1, main_hall_1, silver_pit, the_coven_3,
          the_vestibule_1, steel_vault_5, golden_pit, hallway_of_sentries,
          crystal_vault_4, iron_vault_3, final_vault]

Skill      XL: |  1  2  3  4  5  6  7  8  9 10 11 12 13 14 15 16 17 18 19 20 21 |
---------------+----------------------------------------------------------------+-----
Earth Magic    | 5 6 9 11 13 16 17 18 19 20 22 23 24 25 27 | 27.0
Fighting       | 3 4 5 7 9 10 12 14 16 18 21 23 26 27 | 27.0
Staves         | 3 5 6 8 10 11 12 | 12.7
Dodging        | 3 4 5 6 8 9 11 12 14 15 16 17 19 21 24 26 | 26.0
Conjurations   | 3 4 5 6 8 10 11 13 15 17 22 26 27 | 27.0
Invocations    | 3 4 5 7 9 10 12 13 18 | 18.6
Transmutations | 3 4 5 7 8 10 11 13 | 13.5
Spellcasting   | 3 4 5 6 8 9 11 12 14 16 17 20 22 24 | 24.6
Fire Magic     | 8 11 19 24 25 27 | 27.0
Shields        | 6 10 11 13 17 19 23 25 | 25.4
Maces & Flails | 4 9 10 11 14 | 14.2
Necromancy     | 4 9 10 12 16 20 23 | 23.5
Evocations     | 7 13 17 21 23 | 23.9
Ice Magic      | 12 | 12.6
Stealth        | |  1.7

Action                   |  1- 3 |  4- 6 |  7- 9 | 10-12 | 13-15 | 16-18 | 19-21 || total
-------------------------+-------+-------+-------+-------+-------+-------+-------++-------
Melee: Unarmed           |    12 |       |       |       |       |       |       ||    12
       Tailslap          |     1 |     3 |     1 |     2 |    10 |    42 |    38 ||    97
       Quarterstaff      |     4 |    12 |     5 |    41 |       |       |       ||    62
       War axe           |       |       |       |       |    12 |       |       ||    12
       Eveningstar       |       |       |       |       |    93 |   262 |   273 ||   628
       Kick              |       |       |       |       |       |       |     6 ||     6
 Cast: Sandblast         |    12 |    12 |       |    11 |     4 |       |     3 ||    42
       Lee's Rapid Decon |       |     1 |    25 |    53 |   140 |    54 |     7 ||   280
       Statue Form       |       |       |       |     2 |     4 |     4 |     5 ||    15
       Stone Arrow       |       |       |       |     1 |       |       |       ||     1
       Iron Shot         |       |       |       |       |    16 |     4 |       ||    20
       Fire Storm        |       |       |       |       |     2 |    13 |    46 ||    61
       Absolute Zero     |       |       |       |       |     1 |     1 |       ||     2
       Lehudib's Crystal |       |       |       |       |       |    46 |    88 ||   134
       Shatter           |       |       |       |       |       |       |    14 ||    14
Invok: Channel Magic     |       |       |     3 |     6 |    19 |    10 |    20 ||    58
       Divine Exegesis   |       |       |       |       |     3 |     4 |       ||     7
  Use: Potion            |       |       |     3 |     1 |     9 |    11 |    19 ||    43
       Scroll            |       |       |       |       |     3 |     3 |     1 ||     7
Armor: Skin              |     3 |     1 |     3 |    39 |    93 |   181 |   166 ||   486
Dodge: Dodged            |    14 |     9 |     8 |    72 |   124 |   242 |   253 ||   722
Block: Buckler           |       |       |       |       |    86 |   146 |   175 ||   407
       Reflection        |       |       |       |       |    10 |     1 |     7 ||    18
       Other             |       |       |       |       |     4 |       |       ||     4
       Kite shield       |       |       |       |       |     3 |       |       ||     3
       Tower shield      |       |       |       |       |       |       |   197 ||   197

Table legend: (Time is in decaauts) A = Elapsed time spent in this place. B = Non-inter-level travel time spent in this place. C = Inter-level travel time spent in this place. D = Time resting spent in this place. E = Time spent auto-exploring this place. F = Levels seen in this place. G = Mean time per level. A B C D E F G +--------+--------+--------+--------+--------+-----+--------+ Total | 18467 | 18203 | 264 | 12901 | 0 | 1 | 18467.0 | Dungeon | 18467 | 18203 | 264 | 12901 | 0 | 1 | 18467.0 | +--------+--------+--------+--------+--------+-----+--------+

Top non-repeatable levels by time:
       D: 18467 daAuts
